 Dungeon Crawl Stone Soup version 0.29.1-13-g9f3cf754e1 (webtiles) character file.

Game seed: 18140498638447470212

63 croobank the Sneak (level 4, -1/28 HPs)
             Began as an Octopode Transmuter on Feb 3, 2023.
             Slain by a gnoll
             ... wielding a +0 flail
              (9 damage)
             ... on level 2 of the Dungeon.
             The game lasted 00:03:05 (1631 turns).

croobank the Sneak (Octopode Transmuter)            Turns: 1631, Time: 00:03:05

Health: -1/28      AC:  1    Str:  9    XL:     4   Next: 9%
Magic:  7/7        EV: 13    Int: 17    God:
Gold:   88         SH:  0    Dex: 12    Spells: 6/7 levels left

rFire   . . .      SeeInvis .   a - +2 dagger (freeze)
rCold   . . .      Faith    .   (no shield)
rNeg    . . .      Spirit   .   (helmet restricted)
rPois   .          Reflect  .   c - amulet of magic regeneration
rElec   .          Harm     .   (no ring)
rCorr   .          Rampage  .   (no ring)
Will    .....                   (no ring)
Stlth   ++++......              (no ring)
HPRegen 0.09/turn               (no ring)
MPRegen 0.50/turn               (no ring)
                                (no ring)
                                (no ring)

@: no status effects
A: almost no armour, amphibious, 8 rings, camouflage 1, gelatinous body 1,
(nimble swimmer 1), tentacles
a: no special abilities


You were on level 2 of the Dungeon.
You visited 1 branch of the dungeon, and saw 2 of its levels.

You collected 112 gold pieces.
You spent 24 gold pieces at shops.

Inventory:

Hand Weapons
 a - a +2 dagger of freezing (weapon)
 l - a +0 trident
 n - a +2 hand axe of freezing
Missiles
 d - 2 poisoned darts
 e - 6 javelins
Jewellery
 b - an amulet of the acrobat
 c - an amulet of magic regeneration (around mantle)
Scrolls
 i - a scroll of blinking
 k - 3 scrolls of teleportation {unknown}
 m - a scroll of immolation {unknown}
 o - a scroll of summoning {unknown}
Potions
 f - a potion of mutation {unknown}
 g - a potion of haste
 h - 2 potions of lignification
 j - a potion of heal wounds
 p - a potion of flight {unknown}


   Skills:
 - Level 1.0 Fighting
 - Level 2.0 Dodging
 + Level 5.3 Stealth
 - Level 3.0 Unarmed Combat
 - Level 2.0 Spellcasting
 - Level 2.0 Transmutations


You had 6 spell levels left.
You knew the following spells:

 Your Spells              Type           Power      Damage    Failure   Level
a - Beastly Appendage     Tmut           16%        N/A       9%          1

Your spell library contained the following spells:

 Spells                   Type           Power      Damage    Failure   Level
 Wereblood                Tmut           8%         N/A       13%         2
 Sandblast                Erth           2%         2d4       19%         1
 Passwall                 Tmut/Erth      4%         N/A       19%         2
 Spider Form              Tmut/Pois      5%         N/A       36%         3
 Gell's Gravitas          Tloc           1%         N/A       50%         3
 Inner Flame              Hex/Fire       1%         N/A       50%         3
 Stone Arrow              Conj/Erth      2%         3d7       50%         3
 Teleport Other           Tloc           1%         N/A       50%         3
 Ice Form                 Ice/Tmut       5%         N/A       77%         4
 Cause Fear               Hex            0%         N/A       88%         4
 Dispersal                Tloc           0%         N/A       100%        6
 Discord                  Hex            0%         N/A       100%        8


Dungeon Overview and Level Annotations

Branches:
Dungeon (2/15)

Altars:

Shops:
D:2 *


Innate Abilities, Weirdness & Mutations

You cannot wear most types of armour.
You are amphibious.
You can wear up to eight rings at the same time.
Your skin changes colour to match your surroundings (Stealth+).
Your rubbery body absorbs attacks. (AC +1, EV +1)
((You are camouflaged when in or above water. (Stealth+)))
You have tentacles for arms and can constrict up to eight enemies at once.


Message History

A goblin comes into view. It is wielding a +0 club.
The helpless goblin fails to defend itself.
You puncture the goblin! You freeze the goblin.
You kill the goblin!
No target in view!
A rat comes into view.
The helpless rat fails to defend itself.
You puncture the rat! You freeze the rat.
You kill the rat! 2 gnolls come into view.
The gnoll shouts! x2
A gnoll comes into view. It is wielding a +0 whip.
You hit the gnoll but do no damage. You grab the gnoll.
You constrict the gnoll. The gnoll hits you with a +0 flail.
You hit the gnoll. You freeze the gnoll.
The gnoll is heavily wounded.
You constrict the gnoll. The gnoll misses you.
You hit the gnoll. You freeze the gnoll. You tentacle-slap the gnoll.
You kill the gnoll!
Your Stealth skill increases to level 5!
The gnoll hits you with a +0 whip.
Things that are here:
a +0 flail; a gnoll corpse You hit the gnoll.
You freeze the gnoll. Your grab misses the gnoll.
You tentacle-slap the gnoll, but do no damage.
Your squeeze misses the gnoll.
The gnoll is heavily wounded.
The gnoll hits you with a +0 whip!
* * * LOW HITPOINT WARNING * * *
You are too injured to fight recklessly!
You are too injured to fight recklessly!
You hit the gnoll but do no damage. You grab the gnoll. You squeeze the gnoll.
You kill the gnoll!
You have reached level 4!
You hit the gnoll. You freeze the gnoll. You grab the gnoll.
You squeeze the gnoll.
The gnoll is heavily wounded.
You constrict the gnoll, but do no damage.
The gnoll hits you with a +0 flail!
You die...

########.#
#......#
#.######
#.# #.#
#.# #.#
#.####.#
#...g@.#
########


You could see a gnoll.

Vanquished Creatures
  An adder (D:2)
  2 gnolls (D:2)
  A worm (D:2)
  A dart slug (D:1)
  2 ball pythons (D:1)
  3 endoplasms
  3 giant cockroaches (D:1)
  4 goblins
  2 hobgoblins (D:1)
  2 bats
  A frilled lizard (D:1)
  A kobold (D:1)
  8 rats
31 creatures vanquished.

Notes
Turn   | Place    | Note
-------+----------+-------------------------------------------
     0 | D:1      | croobank the Octopode Transmuter began the quest for the
                  | Orb.
     0 | D:1      | Reached XP level 1. HP: 13/13 MP: 3/3
    37 | D:1      | Reached skill level 1 in Stealth
    85 | D:1      | Reached skill level 2 in Stealth
   128 | D:1      | Reached XP level 2. HP: 12/18 MP: 5/5
   418 | D:1      | Reached skill level 3 in Stealth
   687 | D:1      | Found a faded altar of an unknown god.
  1092 | D:2      | Found Dasenutt's General Store.
  1100 | D:2      | Bought a scroll of identify for 24 gold pieces
  1128 | D:2      | Reached XP level 3. HP: 23/23 MP: 6/6
  1167 | D:2      | Reached skill level 4 in Stealth
  1628 | D:2      | Reached skill level 5 in Stealth
  1631 | D:2      | Reached XP level 4. HP: 8/28 MP: 7/7
  1631 | D:2      | Slain by a gnoll

Illustrated notes

Levels and vault maps discovered:
D:1:      minmay_arrival_open_corners, layout_loops_corners,
          hellmonk_ecumenical_altar_pennies_from_heaven, minmay_heptomino_l4
D:2:      layout_basic, serial_shops, nicolae_shop_trees

Skill      XL: |  1  2  3 |
---------------+----------+-----
Stealth        | 2 3 5 |  5.3
Fighting       | |  1.0
Dodging        | |  2.0
Unarmed Combat | |  3.0
Spellcasting   | |  2.0
Transmutations | |  2.0

Action                   |  1- 3 |  4- 6 || total
-------------------------+-------+-------++-------
Melee: Unarmed           |    12 |       ||    12
       Constrict         |    13 |     1 ||    14
       Tentacles         |    13 |     1 ||    14
       Dagger            |    50 |     1 ||    51
       Kick              |     2 |       ||     2
       Punch             |     2 |       ||     2
 Cast: Beastly Appendage |     2 |       ||     2
  Use: Scroll            |     4 |       ||     4
 Stab: Sleeping          |    15 |       ||    15
Armor: Skin              |     1 |       ||     1
Dodge: Dodged            |    27 |       ||    27
